 Dungeon Crawl Stone Soup version 0.18-a0-270-ga9d907f (webtiles) character file.

50 rb10c the Covered (level 4, -6/37 HPs)
             Began as a Formicid Fighter on Nov 26, 2015.
             Killed by divine providence
             ... invoked by an orc priest
              (15 damage)
             ... on level 3 of the Dungeon.
             The game lasted 00:02:01 (1537 turns).

rb10c the Covered (Formicid Fighter)                Turns: 1537, Time: 00:02:01

Health: -6/37      AC: 10    Str: 22    XL:     4   Next: 4%
Magic:  4/4        EV:  8    Int:  7    God:
Gold:   58         SH:  9    Dex: 10    Spells: 0 memorised, 3 levels left

rFire  . . .     SeeInvis +     a - +0 flail
rCold  . . .     Clarity  .     b - +0 scale mail
rNeg   . . .     SustAt   .     c - +0 shield
rPois  .         Gourm    .     (helmet unavailable)
rElec  .         Spirit   .     h - +2 cloak
rCorr  .         Warding  .     (no gloves)
rMut   .         Stasis   +     (no boots)
MR     .....                    (no amulet)
Stlth  ..........               (no ring)
                                m - ring of flight

@: not resistant to hostile enchantments, extremely unstealthy
A: permanent stasis, dig shafts and tunnels, four strong arms, antennae 3
a: Dig, Shaft Self, Evoke Flight


You were on level 3 of the Dungeon.
You were not hungry.

You visited 1 branch of the dungeon, and saw 3 of its levels.

You collected 58 gold pieces.

Inventory:

Hand Weapons
 a - a +0 flail (weapon)
Armour
 b - a +0 scale mail (worn)
 c - a +0 shield (worn)
 h - a +2 cloak (worn)
Jewellery
 m - a ring of flight (left hand)
Scrolls
 f - 3 scrolls of teleportation {unknown}
 i - 2 scrolls of magic mapping {unknown}
 j - a scroll of fear {unknown}
 k - a scroll of remove curse {unknown}
 l - 2 scrolls of recharging {unknown}
 n - 2 scrolls of identify {unknown}
Potions
 d - 2 potions of might
 g - a potion of agility {unknown}
 o - a potion of curing {unknown}
 p - a potion of haste {unknown}
Comestibles
 e - 3 bread rations
 q - 3 fruits
 r - a meat ration


   Skills:
 + Level 3.7 Fighting
 - Level 3.0 Maces & Flails
 + Level 3.8 Armour
 + Level 3.8 Shields


You had 3 spell levels left.
You didn't know any spells.

Dungeon Overview and Level Annotations

Branches:
Dungeon (3/15)

Altars:


Innate Abilities, Weirdness & Mutations

You are under a permanent stasis effect.
You can dig through walls and to a lower floor.
Your four strong arms can wield two-handed weapons with a shield.
You have a pair of large antennae on your head (SInv).


Message History

You hit the ooze.
The ooze is severely wounded.
You block the ooze's attack.
A giant cockroach comes into view.
You hit the ooze.
The ooze is almost dead.
The orc priest calls down the wrath of Beogh upon you.
Something smites you! The ooze hits you but does no damage.
You sock the ooze!
You kill the ooze!
You have reached level 4!
You feel stronger.
An orc comes into view.
The orc priest calls down the wrath of Beogh upon you.
Something smites you!
* * * LOW HITPOINT WARNING * * *
The giant cockroach waves its antennae.
The orc priest mumbles some strange prayers to Beogh against you.
Something smites you!
You die...

{ { { { { ##.#############.
###########. .................
...........
##.###..#'############.....##.#
................@...oo.....o...
######..#.##########s....#####.
######..#.# #.....# ........#.#
#####.# #######.#.# .#
#.#+##### .. #######........
#.# ..<............ ..
########.......


You could see an orc priest, an orc and a giant cockroach.

Vanquished Creatures
  3 oozes
  A worm (D:2)
  4 giant cockroaches
  9 jackals
  A quokka (D:2)
  4 bats
  2 giant newts (D:1)
  4 goblins (D:1)
  3 kobolds
  5 rats
36 creatures vanquished.

Notes
Turn   | Place    | Note
--------------------------------------------------------------
     0 | D:1      | rb10c the Formicid Fighter began the quest for the Orb.
     0 | D:1      | Reached XP level 1. HP: 18/18 MP: 1/1
   118 | D:1      | Reached XP level 2. HP: 20/24 MP: 2/2
   749 | D:1      | Reached XP level 3. HP: 27/29 MP: 3/3
  1530 | D:3      | Reached XP level 4. HP: 19/37 MP: 4/4
  1537 | D:3      | Killed from afar by an orc priest

Vault maps used:
D:1:      lemuel_arrival_tunnels, minmay_misc_feat_secret_circle, minmay_cupped
D:2:      first_bread
D:3:      nicolae_overflow_hidden_temple, roderic_lattice_a,
          nemelex_lonely_heart_becter

Action                   |  1- 3 |  4- 6 || total
-------------------------+-------+-------++-------
Melee: Flail             |   128 |       ||   128
  Eat: Chunk             |     2 |       ||     2
